AoeStats
← Lucas Grijander

African Clearing

510527535Analyzed
2v2 RM · 2d ago on Oct 1, 2026· 34m 28s· 4 players
Game mode
Random Map
Map size
Medium (4 player)
Population
200
Speed
Normal
Resources
Standard
Victory
Conquest
Starting age
Dark Age
Ending age
Imperial Age
RankedLock teamsTeams togetherTeam positionsShared explorationLock speedFull tech treeHidden civsTurbo modeCheats
Victory
Defeat
🇦🇺 Hindustanis · Australia
1095
+11
🇩🇪 Wei · Germany
1091
+11
🇫🇷 Poles · France
1014
-12
🇪🇸 Saxons · Spain
966
-10
Titou
11:25 Loom
14:08 Feudal Age
14:52 Double-Bit Axe
16:33 Horse Collar
18:22 Bloodlines
19:28 Scale Barding Armor
20:53 Fletching
27:16 Castle Age
26:56 Forging
27:19 Padded Archer Armor
28:18 Bow Saw
28:17 Husbandry
28:47 Leather Archer Armor
28:29 Bodkin Arrow
31:12 Gold Mining
32:36 Ballistics
32:35 Light Cavalry
34:36 Thumb Ring
Lucas Grijander
7:35 Loom
15:27 Feudal Age
16:58 Wheelbarrow
16:12 Horse Collar
18:04 Double-Bit Axe
18:24 Man-at-Arms
20:00 Arson
25:48 Castle Age
27:18 Hand Cart
28:48 Fletching
28:59 Padded Archer Armor
Pontifux
11:36 Loom
13:57 Feudal Age
14:46 Double-Bit Axe
21:55 Castle Age
21:24 Bloodlines
21:27 Fletching
22:16 Horse Collar
22:40 Bodkin Arrow
23:19 Bow Saw
27:09 Padded Archer Armor
30:28 Wheelbarrow
29:38 Town Watch
31:19 Husbandry
32:16 Hand Cart
33:31 Scale Barding Armor
33:36 Forging
34:57 Ballistics
Rayleigh
6:38 Loom
12:30 Feudal Age
13:38 Double-Bit Axe
14:53 Forging
14:49 Scale Barding Armor
21:58 Castle Age
21:02 Fletching
22:10 Wheelbarrow
25:02 Bodkin Arrow
25:56 Bow Saw
25:35 Horse Collar
28:39 Ballistics
29:17 Husbandry
31:35 Squires
31:24 Arson
31:42 Scale Mail Armor
31:54 Heavy Plow
33:03 Chain Mail Armor
35:07 Iron Casting
Connection lost

Rejoining the realm…

Still unreachable

The connection could not be restored.

Session expired

The server has moved on; the page needs a fresh start.